 Dungeon Crawl Stone Soup version 0.30.1 (webtiles) character file.

Game seed: 11394340738838818642

1929 Sanktem7 the Cleaver (level 8, 0/73 HPs)
             Began as a Minotaur Fighter on July 7, 2023.
             Was a Believer of Okawaru.
             Shot with an arrow by a centaur (16 damage)
             ... on level 6 of the Dungeon.
             The game lasted 00:09:08 (4894 turns).

Sanktem7 the Cleaver (Minotaur Fighter)             Turns: 4894, Time: 00:09:08

Health: 0/73       AC: 16    Str: 22    XL:     8   Next: 97%
Magic:  7/7        EV:  6    Int:  5    God:    Okawaru [**....]
Gold:   200        SH:  5    Dex: 11    Spells: 7/7 levels left

rFire   + . .        a - +1 war axe {axe}
rCold   x . .        c - +0 buckler
rNeg    + . .        s - +0 plate armour {rN+}
rPois   .            (helmet restricted)
rElec   .            (no cloak)
rCorr   .            (no gloves)
SInv    .            h - +2 pair of boots
Will    .....        (no amulet) Stlth
                     z - ring of fire
HPRegen 0.32/turn    (no ring)
MPRegen 0.10/turn

%: no passive effects
@: no status effects
A: horns 2, retaliatory headbutt
a: Renounce Religion, Heroism


You were on level 6 of the Dungeon.
You worshipped Okawaru.
Okawaru was pleased with you.
You visited 1 branch of the dungeon, and saw 6 of its levels.
You also visited: Ossuary.

You collected 200 gold pieces.


Innate Abilities, Weirdness & Mutations

You have a pair of horns on your head.
You reflexively headbutt those who attack you in melee.


   Skills:
 + Level 7.2 Fighting
 * Level 9.2 Axes
 + Level 7.2 Armour
 + Level 7.2 Shields


You had 7 spell levels left.
You didn't know any spells.
Your spell library contained the following spells:

 Spells                   Type           Power      Damage    Failure   Level
 Lesser Beckoning         Tloc           0%         N/A       100%        2
 Poisonous Vapours        Pois/Air       0%         N/A       100%        2
 Gell's Gravitas          Tloc           0%         N/A       100%        3
 Mephitic Cloud           Conj/Pois/Air  0%         N/A       100%        3
 Teleport Other           Tloc           0%         N/A       100%        3
 Freezing Cloud           Conj/Ice/Air   0%         6-21      100%        5
 Storm Form               Tmut/Air       0%         N/A       100%        7
 Maxwell's Capacitive Co  Air            0%         ∞         100%        8
 Death's Door             Necr           0%         N/A       100%        9
 Call Imp                 Summ           Unusable   N/A       N/A         2
 Summon Lightning Spire   Summ/Air       Unusable   N/A       N/A         4
 Summon Hydra             Summ           Unusable   N/A       N/A         7

Inventory:

Hand Weapons
 a - a +1 war axe (weapon) {axe}
 g - a +2 whip of flaming {mace}
   (You took it off Pikel on level 5 of the Dungeon)
 F - a +1 short sword of speed {short}
   (You found it on level 6 of the Dungeon)
Missiles
 b - 8 stones (quivered) {throwing}
 p - 4 curare-tipped darts {=fthrowing}
 r - 25 poisoned darts {throwing}
Armour
 c - a +0 buckler (worn)
 h - a +2 pair of boots (worn)
   (You found it on level 1 of the Dungeon)
 n - the +1 ring mail of the Carpenter {rC+ Will+}
   (You took it off an orc on level 5 of the Dungeon)

   rC:        It protects you from cold.
   Will:      It increases your willpower.
 s - a +0 plate armour of positive energy (worn)
   (You found it on level 5 of the Dungeon)
Jewellery
 z - a ring of fire (left hand)
   (You found it on level 3 of the Dungeon)
Wands
 y - a wand of flame (10)
   (You took it off Robin on level 3 of the Dungeon)
 B - a wand of mindburst (15)
   (You found it on level 5 of the Dungeon)
Scrolls
 l - 2 scrolls of fog
 u - a scroll of amnesia
 w - 2 scrolls of teleportation {@r4}
 x - 2 scrolls of identify {@r1}
 C - a scroll of immolation {!r!r}
Potions
 d - 3 potions of might
 e - 3 potions of curing {@q1}
 f - 3 potions of ambrosia
 i - a potion of heal wounds {unknown}
 j - a potion of haste {unknown}
 k - a potion of mutation {!q}
 m - a potion of flight
 o - a potion of resistance {unknown}
 q - a potion of attraction {unknown}
 t - 4 potions of degeneration {!q@e2}
 v - a potion of cancellation {unknown}
 A - 3 potions of berserk rage {unknown}
 D - a potion of lignification {unknown}
 E - a potion of magic {unknown}

Dungeon Overview and Level Annotations

Branches:
Dungeon (6/15) Zot: 26910  Temple (0/1) D:5         Ossuary (visited)

Altars:
Nemelex Xobeh
Okawaru
Ru
Uskayaw
Yredelemnul

.## ............... ..#
......!.$...... ..##
................ ...#
.................... ...#
....................
...###.................c..
.....#..........Y.........
................@.........
...................^......
..†...........#...........
......###########.........
....#.....................
....#.....................
....#.....................
....#.....................
....#............#....####


You could see an ice beast and a centaur.


Message History

Found an escape hatch in the ceiling.
Key pressed, stopping explore.
A scorpion comes into view.
A scorpion is nearby!
An adder comes into view.
The adder hisses angrily.
You slash the scorpion! You headbutt the scorpion.
The scorpion stings you but does no damage.
You slash the scorpion!
You kill the scorpion!
Okawaru accepts your kill.
You slash the adder! The adder bites you but does no damage.
You block the adder's attack.
You closely miss the adder. You headbutt the adder.
You kill the adder!
Okawaru accepts your kill.
No target in view!
No target in view!
No target in view!
No target in view!
F - a +1 short sword of speed {short} A jelly comes into view.
A jelly is nearby!
You block the jelly's attack.
You slash the jelly!
Your hands burn!
The jelly barely misses you. You furiously retaliate!
You headbutt the jelly!
You kill the jelly!
Okawaru accepts your kill. 😕 HP[-2]
You take 2 damage, and now have 71/73 hp.
No target in view!
No target in view!
No target in view!
No target in view!
No target in view!
An adder comes into view. 😎 HP[+2]
Your hp is fully restored (73).
An adder is nearby!
An adder is nearby!
You see here a book of Displacement.
You slash the adder!
You kill the adder!
Okawaru accepts your kill.
No target in view!
No target in view!
No target in view!
No target in view!
You pick up a book of Displacement and begin reading...
You add the spells Lesser Beckoning, Gell's Gravitas and Teleport Other to your library.
No target in view!
A centaur comes into view.
The centaur wields a +2 heavy shortbow.
The centaur shoots an arrow.
The arrow hits you! 😕 HP[-7]
You take 7 damage, and now have 66/73 hp.
A centaur is nearby!
A centaur is nearby!
A hound comes into view.
The hound barks!
The centaur shoots an arrow.
You block the arrow.
An ice beast comes into view. 😕 HP[+1]
The centaur shoots an arrow.
You block the arrow. The hound bites you. 😕 HP[-2]
You take 2 damage, and now have 65/73 hp.
You slash the hound!
The centaur shoots an arrow.
The arrow hits you but does no damage.
The hound bites you but does no damage. x2
You barely miss the hound.
The centaur shoots an arrow.
The arrow hits you! The hound barely misses you. You furiously retaliate!
You headbutt the hound.
You kill the hound!
Okawaru accepts your kill. 😮 HP[-12]
You take 12 damage, and now have 53/73 hp.
You are too injured to fight recklessly!
You are too injured to fight recklessly!
You are too injured to fight recklessly!
You are too injured to fight recklessly!
You are too injured to fight recklessly!
You are too injured to fight recklessly!
You are too injured to fight recklessly!
Unknown command.
The centaur shoots an arrow.
You block the arrow. 😮 HP[+1]
The centaur shoots an arrow.
You block the arrow. The ice beast hits you. The ice beast freezes you!!
You feel a terrible chill!
* * * LOW HITPOINT WARNING * * *
😨 HP[-21]
You take 21 damage, and now have 33/73 hp.
MASSIVE DAMAGE!! (PAUSE)
You hit the ice beast but do no damage.
You headbutt the ice beast, but do no damage.
The centaur shoots an arrow.
The arrow hits you but does no damage.
The ice beast hits you but does no damage.
You slash the ice beast!
The centaur shoots an arrow.
The arrow hits you!!
* * * LOW HITPOINT WARNING * * *
You block the ice beast's attack.
The centaur shoots an arrow.
The arrow hits you!
You die...

Skill      XL: |  1  2  3  4  5  6  7  8 |
---------------+-------------------------+-----
Axes           | 3 4 5 6 7 9 |  9.2
Fighting       | 4 5 6 7 |  7.2
Armour         | 4 5 6 7 |  7.2
Shields        | 4 5 6 7 |  7.2

Action                     |  1- 3 |  4- 6 |  7- 9 || total
---------------------------+-------+-------+-------++-------
  Melee: War axe           |    87 |   119 |   195 ||   401
         Headbutt          |     9 |     9 |    32 ||    50
    Use: Scroll            |       |     7 |     8 ||    15
         Potion            |       |     1 |       ||     1
 Armour: Scale mail        |    58 |    65 |    16 ||   139
         Chain mail        |       |       |    37 ||    37
         Plate armour      |       |       |    67 ||    67
  Dodge: Dodged            |    52 |    61 |    74 ||   187
  Block: Buckler           |    18 |    30 |    48 ||    96

Levels and vault maps discovered:
D:1:      kennysheep_arrival_seaside, layout_basic
D:2:      layout_basic
D:3:      layout_loops_ring, nicolae_uskayaw_suspiria,
          hellmonk_ghost_happy_afterlife, uniq_robin
D:4:      layout_cave_pods, yredelemnul_forgotten_temple_becter,
          okawaru_ov_weapons_minmay, mainiacjoe_overflow_boulevard
D:5:      layout_basic, hangedman_ru_absence, minmay_temple_entry_poolview,
          nicolae_ossuary_entry_monument, bh_walls_and_bars, uniq_pikel,
          uniq_eustachio
D:6:      layout_basic, serial_shops, shop, nicolae_stop_n_shop_1,
          nicolae_shop_crystal

Notes
Turn   | Place    | Note
-------+----------+-------------------------------------------
     0 | D:1      | Sanktem7 the Minotaur Fighter began the quest for the Orb.
     0 | D:1      | Reached XP level 1. HP: 19/19 MP: 0/0
     0 | D:1      | magus.rc [v1.9.6]
   149 | D:1      | Reached XP level 2. HP: 27/27 MP: 1/1
   365 | D:1      | Reached skill level 3 in Axes
   878 | D:2      | Reached skill level 4 in Fighting
   878 | D:2      | Reached skill level 4 in Armour
   878 | D:2      | Reached skill level 4 in Shields
   878 | D:2      | Reached XP level 3. HP: 33/33 MP: 2/2
  1034 | D:2      | You pick up a book of the Sky and begin reading...
  1034 | D:2      | You add the spells Summon Lightning Spire, Storm Form and
                  | Maxwell's Capacitive Coupling to your library.
  1099 | D:2      | Reached XP level 4. HP: 40/40 MP: 3/3
  1157 | D:2      | Reached skill level 4 in Axes
  1437 | D:2      | You add the spells Call Imp, Summon Hydra and Death's Door
                  | to your library.
  1437 | D:2      | Got Ihoqi's Compilation of Misery and Generation {@e2}
  1592 | D:3      | You pick up a book of Vapours and begin reading...
  1592 | D:3      | You add the spells Poisonous Vapours, Mephitic Cloud and
                  | Freezing Cloud to your library.
  1877 | D:3      | Reached XP level 5. HP: 45/47 MP: 4/4
  1897 | D:3      | Noticed nogood's ghost (amateur DsFE)
  1903 | D:3      | Found a runed translucent door.
  1906 | D:3      | Noticed Robin
  1921 | D:3      | Killed Robin
  2166 | D:3      | Found a hide-covered altar of Uskayaw.
  2260 | D:3      | Killed nogood's ghost
  2261 | D:3      | Reached skill level 5 in Axes
  2261 | D:3      | Reached XP level 6. HP: 48/55 MP: 5/5
  2387 | D:4      | Reached skill level 5 in Fighting
  2387 | D:4      | Reached skill level 5 in Armour
  2387 | D:4      | Reached skill level 5 in Shields
  2437 | D:4      | HP: 13/56 [gnoll/+0 halberd of venom (5)]
  2438 | D:4      | HP: 2/56 [gnoll/+0 halberd of venom (5)]
  2668 | D:4      | Found an iron altar of Okawaru.
  2684 | D:4      | Reached skill level 6 in Axes
  2684 | D:4      | Reached XP level 7. HP: 60/61 MP: 6/6
  2691 | D:4      | Became a worshipper of Warmaster Okawaru
  3180 | D:4      | Found a sparkling altar of Nemelex Xobeh.
  3365 | D:4      | Found a basalt altar of Yredelemnul.
  3522 | D:5      | Entered Level 5 of the Dungeon
  3549 | D:5      | Found a sacrificial altar of Ru.
  3697 | D:5      | Noticed Pikel
  3714 | D:5      | Killed Pikel
  3714 | D:5      | Reached * piety under Okawaru
  3715 | D:5      | Reached skill level 6 in Fighting
  3715 | D:5      | Reached skill level 7 in Axes
  3715 | D:5      | Reached skill level 6 in Armour
  3715 | D:5      | Reached skill level 6 in Shields
  3715 | D:5      | Reached XP level 8. HP: 20/70 MP: 7/7
  3749 | D:5      | Noticed Eustachio
  3764 | D:5      | HP: 15/70 [Eustachio/+2 falchion of holy wrath (5)]
  3765 | D:5      | Killed Eustachio
  3766 | D:5      | Reached skill level 8 in Axes
  3817 | D:5      | Identified the +1 ring mail of the Carpenter {rC+ Will+}
  3819 | D:5      | Found a sand-covered staircase.
  3828 | Ossuary  | Entered an ossuary
  4220 | D:5      | Reached ** piety under Okawaru
  4556 | D:5      | Found a staircase to the Ecumenical Temple.
  4635 | D:5      | Reached skill level 7 in Fighting
  4635 | D:5      | Reached skill level 7 in Armour
  4635 | D:5      | Reached skill level 7 in Shields
  4813 | D:6      | Reached skill level 9 in Axes
  4884 | D:6      | You pick up a book of Displacement and begin reading...
  4884 | D:6      | You add the spells Lesser Beckoning, Gell's Gravitas and
                  | Teleport Other to your library.
  4894 | D:6      | HP: 16/73 [centaur/arrow (18)]
  4894 | D:6      | Shot with an arrow by a centaur

Vanquished Creatures
  Pikel (D:5)
  Eustachio (D:5)
  An ice beast (D:5)
  A black bear (D:4)
  2 ogres
  The ghost of nogood the Firebug, an amateur DsFE (D:3)
  A phantom (D:5)
  2 scorpions
  2 centaur zombies (Ossuary)
  A jelly (D:6)
  4 hounds
  2 human zombies (Ossuary)
  An iguana (D:5)
  2 orc priests (D:5)
  A sleepcap (D:3)
  2 orc wizards
  2 mummies (Ossuary)
  Robin (D:3)
  4 gnolls (D:4)
  7 adders
  A shadow imp (D:5)
  An ufetubus (D:4)
  An adder zombie (Ossuary)
  3 worms
  16 orcs
  6 ball pythons
  8 bats
  3 endoplasms
  7 giant cockroaches
  12 goblins
  7 hobgoblins
  3 jackals (D:3)
  12 kobolds
  6 quokkas
  6 frilled lizards
  A goblin zombie (Ossuary)
  6 hobgoblin zombies (Ossuary)
  3 jackal zombies (Ossuary)
  10 kobold zombies (Ossuary)
  10 orc zombies (Ossuary)
  6 rats
  2 rat zombies (Ossuary)
  A spectral orc (D:4)
170 creatures vanquished.

Vanquished Creatures (others)
  A quokka (D:3)
1 creature vanquished.

Grand Total: 171 creatures vanquished

Table legend:
 A = Non-vault XP
 B = Vault XP
 C = Vault XP percentage of total XP
 D = Non-vault monster count
 E = Vault monster count
 F = Vault count percentage of total count
                 A         B        C        D         E       F
            +---------+---------+-------+---------+---------+-------
      Total |    1557 |    1200 |  43.5 |     117 |      53 |  31.2
            +---------+---------+-------+---------+---------+-------
        D:1 |      37 |       0 |   0.0 |      23 |       0 |   0.0
        D:2 |      91 |       0 |   0.0 |      24 |       0 |   0.0
        D:3 |     129 |     139 |  51.9 |      24 |      11 |  31.4
        D:4 |     422 |       1 |   0.2 |      23 |       1 |   4.2
        D:5 |     559 |     819 |  59.4 |      17 |       2 |  10.5
        D:6 |     319 |       0 |   0.0 |       6 |       0 |   0.0
    Ossuary |       0 |     241 | 100.0 |       0 |      39 | 100.0
            +---------+---------+-------+---------+---------+-------

Skill      XL: |  1  2  3  4  5  6  7  8 |
---------------+-------------------------+-----
Axes           | 3 4 5 6 7 9 |  9.2
Fighting       | 4 5 6 7 |  7.2
Armour         | 4 5 6 7 |  7.2
Shields        | 4 5 6 7 |  7.2

Action                     |  1- 3 |  4- 6 |  7- 9 || total
---------------------------+-------+-------+-------++-------
  Melee: War axe           |    87 |   119 |   195 ||   401
         Headbutt          |     9 |     9 |    32 ||    50
    Use: Scroll            |       |     7 |     8 ||    15
         Potion            |       |     1 |       ||     1
 Armour: Scale mail        |    58 |    65 |    16 ||   139
         Chain mail        |       |       |    37 ||    37
         Plate armour      |       |       |    67 ||    67
  Dodge: Dodged            |    52 |    61 |    74 ||   187
  Block: Buckler           |    18 |    30 |    48 ||    96

Illustrated notes

Table legend:
 A = Kills in this place as a percentage of kills in the entire game.
 B = Kills by you in this place as a percentage of kills by you in the entire game.
 C = Kills by friends in this place as a percentage of kills by friends in the entire game.
 D = Other kills in this place as a percentage of other kills in the entire game.
 E = Experience gained in this place as a percentage of experience gained in the entire game.
 F = Experience gained in this place divided by the number of levels of this place that you have seen.
                   A       B       C       D       E      F
               +-------+-------+-------+-------+-------+----------------------
         Total | 100.0 | 100.0 |   N/A |   N/A | 100.0 | 393.9
       Dungeon |  77.1 |  77.1 |   N/A |   N/A |  91.3 | 419.3
       Ossuary |  22.9 |  22.9 |   N/A |   N/A |   8.7 | 241.0
               +-------+-------+-------+-------+-------+----------------------

Table legend: (Time is in decaauts)
 A = Elapsed time spent in this place.
 B = Non-inter-level travel time spent in this place.
 C = Inter-level travel time spent in this place.
 D = Time resting spent in this place.
 E = Time spent auto-exploring this place.
 F = Levels seen in this place.
 G = Mean time per level.
                   A        B        C        D        E       F      G
               +--------+--------+--------+--------+--------+-----+--------+
         Total |   4994 |   4834 |    160 |    172 |   3514 |   7 |  713.4 |
       Dungeon |   4606 |   4446 |    160 |     39 |   3397 |   6 |  767.7 |
       Ossuary |    387 |    387 |      0 |    133 |    117 |   1 |  387.0 |
               +--------+--------+--------+--------+--------+-----+--------+

Top non-repeatable levels by time:
     D:4: 1213 daAuts
     D:5: 917 daAuts
     D:1: 894 daAuts
     D:3: 863 daAuts
     D:2: 629 daAuts
 Ossuary: 387 daAuts
     D:6: 88 daAuts
